 Dungeon Crawl Stone Soup version 0.27-a0-760-gc38aae387d (webtiles) character file.

Game seed: 5223279169327278857

2365 leviel the Destroyer (level 9, -4/68 HPs)
             Began as a Green Draconian Conjurer on Mar 24, 2021.
             Was an Initiate of Vehumet.
             Slain by a hornet (6 damage)
             ... on level 7 of the Dungeon.
             The game lasted 00:25:21 (7643 turns).

leviel the Destroyer (Green Draconian Conjurer)     Turns: 7643, Time: 00:25:22

Health: -4/68      AC:  9    Str:  9    XL:     9   Next: 21%
Magic:  25/28      EV: 12    Int: 22    God:    Vehumet [......]
Gold:   127        SH:  0    Dex: 10    Spells: 18/21 levels left

rFire    . . .     SeeInvis .   e - +0 short sword
rCold    + . .     Faith    .   (no shield)
rNeg     . . .     Spirit   .   (armour unavailable)
rPois    +         Reflect  .   (helmet restricted)
rElec    .         Harm     .   (no cloak)
rCorr    .         Rampage  .   w - +0 pair of gloves
Will     .....                  l - +0 pair of boots
Stlth    ++........             h - amulet of regeneration
HPRegen  1.21/turn              g - ring of protection from cold
MPRegen  0.21/turn              n - ring of magical power

@: lethally poisoned (-4 -> -5)
A: breathe noxious fumes, AC +7, unfitting armour, poison resistance,
cold-blooded
a: Breathe Noxious Fumes, Renounce Religion


You were on level 7 of the Dungeon.
You worshipped Vehumet.
Vehumet was noncommittal.
You visited 2 branches of the dungeon, and saw 8 of its levels.
You also visited: Sewer.

You collected 325 gold pieces.
You spent 198 gold pieces at shops.

Inventory:

Hand Weapons
 e - a +0 short sword (weapon)
Armour
 l - a +0 pair of boots (worn)
 w - a +0 pair of gloves (worn)
Jewellery
 g - a ring of protection from cold (right hand)
 h - an amulet of regeneration (around neck)
 n - a ring of magical power (left hand)
 s - a ring of protection from cold
 u - a ring of protection from fire
Wands
 k - a wand of paralysis (5)
 m - a wand of flame (17)
Scrolls
 d - 4 scrolls of teleportation
 q - a scroll of identify
 t - 3 scrolls of fear
Potions
 a - a potion of attraction {unknown}
 c - 2 potions of magic
 f - a potion of resistance {unknown}
 i - 2 potions of cancellation
 j - 2 potions of brilliance {unknown}
 o - a potion of might {unknown}
 r - a potion of flight {unknown}
 v - a potion of mutation {unknown}
 x - 2 potions of heal wounds {unknown}


   Skills:
 + Level 2.4 Fighting
 - Level 2.0 Short Blades
 + Level 3.7 Dodging
 + Level 3.4 Stealth
 + Level 6.9 Spellcasting
 + Level 9.0 Conjurations
 + Level 0.5 Evocations


You had 18 spell levels left.
You knew the following spells:

 Your Spells              Type           Power      Damage    Failure   Level
a - Magic Dart            Conj           100%       1d8       1%          1
b - Searing Ray           Conj           94%        3d6       1%          2

Your spell library contained the following spells:

 Spells                   Type           Power      Damage    Failure   Level
 Dazzling Flash           Conj/Hex       54%        N/A       3%          3
 Summon Small Mammal      Summ           28%        N/A       9%          1
 Call Imp                 Summ           7%         N/A       13%         2
 Fulminant Prism          Conj/Hex       13%        3d9       13%         4
 Iskenderun's Mystic Bla  Conj/Tloc      27%        2d7       13%         4
 Call Canine Familiar     Summ           7%         N/A       26%         3
 Summon Guardian Golem    Hex/Summ       7%         N/A       26%         3
 Summon Ice Beast         Ice/Summ       7%         N/A       63%         4
 Summon Lightning Spire   Summ/Air       7%         N/A       63%         4


Dungeon Overview and Level Annotations

Branches:
Dungeon (7/15)             Temple (1/1) D:5           Sewer (visited)

Altars:
Ashenzari
Cheibriados
Dithmenos
Elyvilon
Fedhas
Gozag
Hepliaklqana
Kikubaaqudgha
Makhleb
Nemelex Xobeh
Okawaru
Qazlal
Ru
Sif Muna
Trog
Uskayaw
Vehumet
Wu Jian
Xom
Zin
The Shining One

Shops:
D:5 *   D:7 *


Innate Abilities, Weirdness & Mutations

You can breathe blasts of noxious fumes.
Your lurid green scales are hard. (AC +7)
You cannot fit into any form of body armour.
Your system is resistant to poisons. (rPois)
You are cold-blooded and may be slowed by cold attacks.


Message History

You feel strangely unstable.
Your surroundings suddenly seem different.
You start resting.
Magic restored.
You start resting.
HP restored.
The hornet buzzes angrily.
The hornet stings you.
You feel yourself slow down.
You barely miss the hornet.
The hornet is heavily wounded.
The hornet stings you! The hornet stings you.
You feel as though you will be slow longer.
Casting: Searing Ray (safe; 1% risk of failure)
Confirm with . or Enter, or press ? or * to list all spells.
Okay, then.
The searing ray misses the hornet. (Press . to maintain the ray.)
The hornet stings you but does no damage.
The hornet barely misses you.
The searing ray hits the hornet.
The hornet is heavily wounded.
The hornet stings you. The hornet barely misses you. The hornet stings you!
The searing ray hits the hornet.
The hornet is heavily wounded.
The hornet barely misses you. x2
The searing ray hits the hornet!
The hornet is severely wounded.
You finish channeling your searing ray.
You feel yourself speed up. The hornet barely misses you. x2
The hornet stings you! x2
* * * LOW HITPOINT WARNING * * *
You are poisoned.
* * * LOW HITPOINT WARNING * * *
You feel extremely sick. The hornet closely misses you.
You feel sick. The hornet closely misses you. The hornet stings you.
* * * LOW HITPOINT WARNING * * *
You feel sick. The hornet misses you.
You feel sick. The hornet closely misses you. The hornet stings you.
You die...

### #.# ..#
... #.# #.#
#y# #.# #@#
#.# #.# #.#
#.# #.#
#.########.#
#..........#
# ###
############
.... #...#
...#


You could see a hornet.

Vanquished Creatures
  The ghost of JPVeigar the Carver, a novice MiGl of Ashenzari (D:6)
  Menkaure (D:4)
  Purgy (Sewer)
  3 ice beasts
  A water moccasin (D:5)
  A necrophage (D:4)
  2 ogres (D:4)
  A centaur (D:5)
  2 bullfrogs (D:6)
  2 scorpions
  A water moccasin skeleton (D:5)
  5 hounds
  2 jellies
  A gnoll shaman (D:5)
  An iguana (D:4)
  2 worker ants (D:5)
  2 orc wizards
  12 adders
  10 gnolls
  An ufetubus (D:7)
  An adder skeleton (D:4)
  A worm (D:2)
  2 dart slugs
  10 orcs
  11 ball pythons
  4 bats
  10 endoplasms
  5 giant cockroaches
  8 goblins
  4 hobgoblins
  8 jackals
  7 quokkas
  10 frilled lizards
  8 kobolds
  8 rats
149 creatures vanquished.

Vanquished Creatures (others)
  2 plants (Temple)
2 creatures vanquished.

Grand Total: 151 creatures vanquished

Notes
Turn   | Place    | Note
-------+----------+-------------------------------------------
     0 | D:1      | leviel the Draconian Conjurer began the quest for the Orb.
     0 | D:1      | Reached XP level 1. HP: 14/14 MP: 3/3
   238 | D:1      | Reached XP level 2. HP: 20/20 MP: 1/5
   934 | D:1      | Reached XP level 3. HP: 26/26 MP: 0/6
  1447 | D:2      | Reached skill level 5 in Conjurations
  1756 | D:2      | Reached XP level 4. HP: 33/33 MP: 2/7
  2875 | D:3      | Reached XP level 5. HP: 36/38 MP: 0/9
  3526 | D:4      | Noticed Menkaure
  3545 | D:4      | Killed Menkaure
  3546 | D:4      | Reached skill level 1 in Short Blades
  3546 | D:4      | Reached XP level 6. HP: 21/45 MP: 11/11
  3933 | D:4      | Reached skill level 6 in Conjurations
  4102 | D:4      | Your scales start taking on a lurid green colour.
  4102 | D:4      | Reached XP level 7. HP: 51/51 MP: 13/13
  4102 | D:4      | Gained mutation: Your system is resistant to poisons.
                  | (rPois) [Green Draconian growth]
  4708 | D:5      | Entered Level 5 of the Dungeon
  4736 | D:5      | Reached skill level 7 in Conjurations
  4861 | D:4      | Reached skill level 5 in Spellcasting
  4864 | D:4      | Learned a level 2 spell: Searing Ray
  4885 | D:5      | Reached skill level 1 in Fighting
  4888 | D:5      | Reached XP level 8. HP: 56/59 MP: 6/15
  5302 | D:5      | Found a staircase to the Ecumenical Temple.
  5602 | Temple   | Entered the Ecumenical Temple
  5786 | Temple   | Became a worshipper of Vehumet
  6181 | D:5      | Found Quej's Assorted Antiques.
  6210 | D:5      | Bought an opal ring for 165 gold pieces
  6210 | D:5      | Bought a scroll labelled TEAWNIN QOFFELLE for 33 gold
                  | pieces
  6609 | D:6      | Reached skill level 8 in Conjurations
  6809 | D:6      | Found a glowing drain.
  6829 | Sewer    | Entered a sewer
  6975 | Sewer    | Noticed Purgy
  6987 | Sewer    | Killed Purgy
  7288 | D:6      | Found a stormy altar of Qazlal.
  7355 | D:6      | Found a runed translucent door.
  7358 | D:6      | Noticed JPVeigar's ghost (novice MiGl)
  7378 | D:6      | Killed JPVeigar's ghost
  7379 | D:6      | Reached skill level 9 in Conjurations
  7379 | D:6      | Reached XP level 9. HP: 52/68 MP: 10/19
  7517 | D:7      | Found Kanytait's General Store.
  7552 | D:7      | Paralysed by a hornet for 3 turns
  7569 | D:7      | Found a shadowy altar of Dithmenos.
  7641 | D:7      | HP: 1/68 [hornet (3)]
  7643 | D:7      | Slain by a hornet

Illustrated notes

Levels and vault maps discovered:
D:1:      onia_arrival_mini_spirals, layout_basic, roderic_serpentine_path,
          minmay_distorted
D:2:      layout_loops_ring
D:3:      layout_rooms
D:4:      minmay_diamond_boxcup, layout_loops_ring, uniq_menkaure
D:5:      layout_loops_ring, minmay_temple_entry_nine_rooms, serial_shops,
          shop_statue, minmay_misc_feat_plants
D:6:      layout_basic, portal_sewer_entry_f, basic_altar, ebering_ghost_sewer_d
D:7:      layout_loops_ring, serial_shops, shop, nicolae_dithmenos_shadow_blocks
Temple:   kilobyte_greek_temple

Skill      XL: |  1  2  3  4  5  6  7  8 |
---------------+-------------------------+-----
Stealth        | 2 3 |  3.4
Dodging        | 2 3 |  3.7
Conjurations   | 5 6 7 9 |  9.0
Short Blades   | 1 2 |  2.0
Spellcasting   | 3 4 5 6 |  6.9
Fighting       | 1 2 |  2.4
Evocations     | |  0.5

Action                   |  1- 3 |  4- 6 |  7- 9 || total
-------------------------+-------+-------+-------++-------
Melee: Short sword       |    16 |     9 |    37 ||    62
       Tailslap          |     1 |     1 |     3 ||     5
 Cast: Magic Dart        |    85 |   119 |   226 ||   430
       Searing Ray       |       |       |    32 ||    32
 Abil: Breathe Noxious F |       |       |     3 ||     3
Evoke: Wand              |       |     2 |     2 ||     4
  Use: Scroll            |       |     5 |     9 ||    14
       Potion            |       |       |     2 ||     2
Armor: Skin              |     4 |     6 |    55 ||    65
Dodge: Dodged            |    16 |    24 |   121 ||   161

Table legend: (Time is in decaauts)
 A = Elapsed time spent in this place.
 B = Non-inter-level travel time spent in this place.
 C = Inter-level travel time spent in this place.
 D = Time resting spent in this place.
 E = Time spent auto-exploring this place.
 F = Levels seen in this place.
 G = Mean time per level.
                   A        B        C        D        E       F      G
               +--------+--------+--------+--------+--------+-----+--------+
         Total |   7693 |   7383 |    310 |    755 |   5504 |   9 |  854.8 |
       Dungeon |   7207 |   6898 |    309 |    755 |   5154 |   7 | 1029.6 |
        Temple |    218 |    218 |      0 |      0 |    136 |   1 |  218.0 |
         Sewer |    267 |    267 |      0 |      0 |    214 |   1 |  267.0 |
               +--------+--------+--------+--------+--------+-----+--------+

Top non-repeatable levels by time:
     D:1: 1644 daAuts
     D:4: 1502 daAuts
     D:5: 1452 daAuts
     D:2: 889 daAuts
     D:3: 800 daAuts
     D:6: 781 daAuts
   Sewer: 267 daAuts
  Temple: 218 daAuts
     D:7: 137 daAuts
